 Dungeon Crawl Stone Soup version 0.23.0 (webtiles) character file.

Game seed: 1645127686386663068

758 dengdeng the Carver (level 7, -6/61 HPs)
             Began as a Minotaur Berserker on Feb 10, 2019.
             Was a Priest of Trog.
             Mangled by a two-headed ogre
             ... wielding a +0 giant club
              (25 damage)
             ... on level 6 of the Dungeon.
             The game lasted 00:09:44 (3139 turns).

dengdeng the Carver (Minotaur Berserker)            Turns: 3139, Time: 00:09:45

Health: -6/61      AC: 11    Str: 24    XL:     7   Next: 50%
Magic:  6/6        EV:  9    Int:  4    God:    Trog [***...]
Gold:   138        SH:  0    Dex:  9    Spells: 6/6 levels left

rFire    . . .     SeeInvis .   v - +0 scimitar (freeze)
rCold    . . .     Gourm    .   (no shield)
rNeg     . . .     Faith    .   y - +0 chain mail
rPois    .         Spirit   .   (helmet restricted)
rElec    .         Reflect  .   (no cloak)
rCorr    .         Harm     .   u - +0 pair of gloves
MR       .....                  (no boots)
Stlth    ..........             (no amulet)
HPRegen  0.20/turn              (no ring)
MPRegen  0.10/turn              (no ring)

@: no status effects
A: retaliatory headbutt, horns 2
a: Berserk, Trog's Hand, Renounce Religion


You were on level 6 of the Dungeon.
You worshipped Trog.
Trog was most pleased with you.
You were very hungry.

You visited 1 branch of the dungeon, and saw 6 of its levels.

You collected 266 gold pieces.
You spent 128 gold pieces at shops.

Inventory:

Hand Weapons
 a - a +0 falchion
 v - a +0 scimitar of freezing (weapon)
Missiles
 b - 118 stones (quivered)
 k - 10 tomahawks
Armour
 u - a +0 pair of gloves (worn)
 y - a +0 chain mail (worn)
Jewellery
 t - an uncursed ring of magical power {unknown}
 A - an uncursed ring of ice {unknown}
 B - a +2 amulet of reflection {unknown}
Wands
 w - a wand of random effects (18)
 D - a wand of acid (10)
Scrolls
 d - a scroll of fog {unknown}
 f - 2 scrolls of teleportation {unknown}
 g - 5 scrolls of remove curse {unknown}
 m - a scroll of immolation {unknown}
 n - a scroll of noise {unknown}
 o - 2 scrolls of random uselessness {unknown}
 p - a scroll of blinking {unknown}
 r - 5 scrolls of identify {unknown}
 C - a scroll of fear {unknown}
Potions
 e - a potion of curing {unknown}
 h - 2 potions of invisibility {unknown}
 i - 3 potions of heal wounds {unknown}
 j - a potion of ambrosia {unknown}
 l - a potion of mutation {unknown}
 q - a potion of degeneration {unknown}
 s - 2 potions of cancellation {unknown}
 x - a potion of might {unknown}
 z - 2 potions of flight {unknown}
 E - a potion of agility {unknown}
Comestibles
 c - 5 rations


   Skills:
 + Level 5.3 Fighting
 * Level 8.2 Long Blades
 + Level 1.4 Throwing
 + Level 5.1 Armour
 + Level 3.0 Dodging
 + Level 0.1 Stealth


You had 6 spell levels left.
You didn't know any spells.
Your spell library was empty.

Dungeon Overview and Level Annotations

Branches:
Dungeon (7/15)
 Temple: D:4-7

Altars:
Dithmenos
Hepliaklqana
Makhleb
Ru
Sif Muna
Trog
Vehumet
Xom

Shops:
D:6 (


Innate Abilities, Weirdness & Mutations

You reflexively headbutt those who attack you in melee.
You have a pair of horns on your head.


Message History

The two-headed ogre is too close now for your liking.
You barely miss the two-headed ogre.
The two-headed ogre hits you but does no damage.
The two-headed ogre closely misses you.
You hit the two-headed ogre. You freeze the two-headed ogre.
Your headbutt misses the two-headed ogre.
The two-headed ogre is lightly wounded.
The two-headed ogre hits you with a +0 giant club! x2
You barely miss the two-headed ogre.
The two-headed ogre is lightly wounded.
You hit the two-headed ogre. You freeze the two-headed ogre.
Your headbutt misses the two-headed ogre.
The two-headed ogre is lightly wounded.
The two-headed ogre hits you with a +0 giant club!!
The two-headed ogre closely misses you.
You slash the two-headed ogre! You freeze the two-headed ogre.
Your headbutt misses the two-headed ogre.
The two-headed ogre is moderately wounded.
The two-headed ogre hits you with a +0 giant club!!
You die...

######............#..
# ##.##.#####..... #.
#.#..# ###... #.
#.#.## #...
#.#####...# ....
#.........#
##..#####.# #...##
#.# #...@# #).
.....##O# ###. ......
... #. .....###... .#
..... ##... .....
##.. .... .## #


You could see a two-headed ogre.

Vanquished Creatures
  A black bear (D:7)
  An ice beast (D:6)
  An ogre (D:7)
  A centaur (D:7)
  A scorpion (D:2)
  A hound (D:7)
  An orc priest (D:3)
  An iguana (D:4)
  An orc wizard (D:3)
  A worker ant (D:7)
  A howler monkey skeleton (D:2)
  3 gnolls (D:2)
  9 adders
  An adder zombie (D:6)
  An adder skeleton (D:6)
  2 worms
  A dart slug (D:2)
  A leopard gecko (D:3)
  15 orcs
  4 giant cockroaches
  7 goblins
  6 hobgoblins
  8 jackals
  5 kobolds
  3 quokkas
  6 bats
  2 frilled lizards (D:3)
  10 rats
95 creatures vanquished.

Notes
Turn   | Place    | Note
-------+----------+-------------------------------------------
     0 | D:1      | dengdeng the Minotaur Berserker began the quest for the
                  | Orb.
     0 | D:1      | Reached XP level 1. HP: 19/19 MP: 0/0
    59 | D:1      | Reached skill level 4 in Long Blades
   477 | D:2      | Reached XP level 2. HP: 27/27 MP: 1/1
   616 | D:2      | Reached XP level 3. HP: 30/33 MP: 2/2
   629 | D:2      | Reached skill level 5 in Long Blades
   632 | D:2      | Reached XP level 4. HP: 40/40 MP: 3/3
   784 | D:2      | Reached ** piety under Trog
   995 | D:2      | Found a radiant altar of Vehumet.
  1197 | D:2      | Found a sacrificial altar of Ru.
  1255 | D:2      | Reached XP level 5. HP: 47/47 MP: 4/4
  1567 | D:3      | Reached skill level 6 in Long Blades
  1722 | D:3      | Found a hazy altar of Hepliaklqana.
  1916 | D:3      | Reached XP level 6. HP: 46/55 MP: 5/5
  2066 | D:3      | Found a shadowy altar of Dithmenos.
  2242 | D:3      | Reached *** piety under Trog
  2262 | D:3      | Reached skill level 1 in Throwing
  2435 | D:4      | Reached skill level 5 in Fighting
  2580 | D:4      | You fall through a shaft for 3 floors!
  2606 | D:7      | Reached skill level 7 in Long Blades
  2608 | D:7      | Reached XP level 7. HP: 44/61 MP: 6/6
  2928 | D:6      | Found a burning altar of Makhleb.
  2940 | D:6      | Reached skill level 8 in Long Blades
  2940 | D:6      | Reached skill level 5 in Armour
  3064 | D:6      | Found a bloodstained altar of Trog.
  3068 | D:6      | Found Viech's Weapon Boutique.
  3077 | D:6      | Bought a +0 scimitar of freezing for 128 gold pieces
  3097 | D:6      | Found a deep blue altar of Sif Muna.
  3098 | D:6      | Found a shimmering altar of Xom.
  3131 | D:6      | Noticed a two-headed ogre
  3139 | D:6      | Mangled by a two-headed ogre

Skill      XL: |  1  2  3  4  5  6  7 |
---------------+----------------------+-----
Long Blades    | 4 5 6 7 8 |  8.2
Fighting       | 4 5 |  5.3
Armour         | 3 4 5 |  5.1
Throwing       | 1 |  1.4
Dodging        | 3 |  3.0
Stealth        | |  0.1

Action                   |  1- 3 |  4- 6 |  7- 9 || total
-------------------------+-------+-------+-------++-------
Melee: Falchion          |    28 |   196 |    18 ||   242
       Headbutt          |     6 |    30 |     5 ||    41
       Scimitar          |       |       |     6 ||     6
Throw: Stone             |       |     9 |     6 ||    15
Invok: Berserk           |     1 |       |       ||     1
  Eat: Chunk             |       |     7 |       ||     7
Armor: Ring mail         |     4 |     6 |       ||    10
       Animal skin       |     1 |       |       ||     1
       Chain mail        |       |    98 |    10 ||   108
Dodge: Dodged            |    22 |    84 |     8 ||   114
       Rpst.: Falchion   |     4 |    21 |       ||    25
